 Dungeon Crawl Stone Soup version 0.19-a0-1007-g133f65f (webtiles) character file.

1169 Gruud the Basher (level 8, -1/87 HPs)
             Began as an Ogre Hunter on July 20, 2016.
             Was a Believer of Uskayaw.
             Slain by a gnoll
             ... wielding a +0 spear
              (5 damage)
             ... on level 6 of the Dungeon.
             The game lasted 00:20:13 (7485 turns).

Gruud the Basher (Ogre Hunter)                      Turns: 7485, Time: 00:20:13

Health: -1/87      AC:  3    Str: 18    XL:     8   Next: 40%
Magic:  10/10      EV: 10    Int: 10    God:    Uskayaw [**....]
Gold:   411        SH:  0    Dex: 12    Spells: 0 memorised, 7 levels left

rFire  . . .     SeeInvis .     a - +4 flail (venom)
rCold  . . .     Gourm    .     z - +0 robe
rNeg   . . .     Faith    .     (no shield)
rPois  .         Spirit   .     (helmet restricted)
rElec  .         Dismiss  .     (no cloak)
rCorr  .         Reflect  .     (gloves unavailable)
SustAt .         Harm     .     (boots unavailable)
MR     .....                    (no amulet)
Stlth  +.........               (no ring)
                                (no ring)

@: not resistant to hostile enchantments, very unstealthy
A: unfitting armour, tough skin 1
a: Stomp, Line Pass, Renounce Religion


You were on level 6 of the Dungeon.
You worshipped Uskayaw.
Uskayaw was noncommittal.
You were not hungry.

You visited 2 branches of the dungeon, and saw 7 of its levels.
You also visited: Sewer.

You collected 411 gold pieces.

Inventory:

Hand Weapons
 a - a +4 flail of venom (weapon)
 b - a +0 giant club
Missiles
 h - 2 large rocks (quivered)
 j - 3 javelins
 r - 3 tomahawks
 w - 28 poisoned needles
Armour
 z - a +0 robe (worn)
Scrolls
 e - 9 scrolls of teleportation
 g - 3 scrolls of enchant weapon
 i - a scroll of identify
 l - 2 scrolls of recharging {unknown}
 m - a scroll of remove curse {unknown}
 n - 2 scrolls of fog {unknown}
 q - 2 scrolls of blinking {unknown}
 x - a scroll of enchant armour {unknown}
 y - a scroll of amnesia {unknown}
Potions
 c - 2 potions of agility
 t - 4 potions of lignification
 v - 2 potions of curing
Comestibles
 d - 8 chunks of flesh
 f - 5 bread rations
 k - 3 meat rations
 s - a beef jerky


   Skills:
 + Level 7.3 Fighting
 * Level 8.5 Maces & Flails
 - Level 5.6 Throwing
 - Level 1.7 Dodging
 - Level 0.7 Stealth
 + Level 2.9 Invocations


You had 7 spell levels left.
You didn't know any spells.

Dungeon Overview and Level Annotations

Branches:
Dungeon (6/15)             Temple (1/1) D:5

Altars:
Cheibriados
Dithmenos
Elyvilon
Fedhas
Hepliaklqana
Kikubaaqudgha
Makhleb
Nemelex Xobeh
Okawaru
Pakellas
Qazlal
Ru
Sif Muna
Trog
Uskayaw
Yredelemnul
Zin
The Shining One


Innate Abilities, Weirdness & Mutations

You are too large for most types of armour.
You have tough skin. (AC +1)


Message History

You kill the gnoll!
The gnoll hits you from afar with a spear.
* * * LOW HITPOINT WARNING * * *
The gnoll barely misses you.
Unknown command.
You sock the gnoll!
The gnoll is severely wounded.
The gnoll closely misses you. The gnoll hits you with a spear.
* * * LOW HITPOINT WARNING * * *
You can now pass through a line of other dancers.
You closely miss the gnoll.
The gnoll is severely wounded.
The gnoll hits you from afar with a spear.
* * * LOW HITPOINT WARNING * * *
The gnoll hits you with a spear.
* * * LOW HITPOINT WARNING * * *
You sock the gnoll!
You kill the gnoll!
The gnoll hits you from afar with a spear.
You die...

#.........#
###.#######
############.#
#.........##.#
.......##.##.#######
#..............#
#.###..##.##.#####.#
#....)!##.#...##
#..###@##......# #.
#)##.#...## #
.g...##.##
...#####.# ..... #.#
.##### #+# #. #


You could see a gnoll.

Vanquished Creatures
  Edmund (D:5)
  A water moccasin (D:5)
  An ogre (D:6)
  2 centaurs
  2 giant frogs
  A gnoll shaman (D:6)
  An orc priest (D:6)
  An orc wizard (D:6)
  A giant frog skeleton (D:4)
  Natasha (thrice) (D:2)
  A worker ant zombie (D:5)
  7 gnolls (D:6)
  10 adders
  13 oozes
  An adder skeleton (D:5)
  4 worms
  5 dart slugs
  12 giant geckos
  7 orcs
  8 bats
  16 giant cockroaches
  4 goblins
  9 hobgoblins
  4 jackals
  4 kobolds
  3 quokkas
  10 ball pythons
  17 giant newts
  5 rats
154 creatures vanquished.

Notes
Turn   | Place    | Note
-------+----------+-------------------------------------------
     0 | D:1      | Gruud the Ogre Hunter began the quest for the Orb.
     0 | D:1      | Reached XP level 1. HP: 22/22 MP: 1/1
    93 | D:1      | Reached XP level 2. HP: 25/31 MP: 2/2
   149 | D:1      | Reached skill level 1 in Maces & Flails
   429 | D:1      | Reached XP level 3. HP: 10/37 MP: 3/3
   870 | D:1      | Reached skill level 2 in Maces & Flails
  1511 | D:2      | Found a snail-covered altar of Cheibriados.
  1759 | D:3      | Reached XP level 4. HP: 48/48 MP: 4/4
  1871 | D:3      | Found a glowing drain.
  1930 | Sewer    | Entered a sewer
  1942 | Sewer    | Reached skill level 3 in Maces & Flails
  2519 | Sewer    | Reached XP level 5. HP: 28/55 MP: 5/5
  2783 | Sewer    | Reached skill level 4 in Maces & Flails
  3369 | Sewer    | Reached skill level 5 in Fighting
  3371 | Sewer    | Reached skill level 5 in Throwing
  3371 | Sewer    | Reached XP level 6. HP: 47/66 MP: 6/6
  3382 | Sewer    | Reached skill level 5 in Maces & Flails
  4523 | D:2      | Noticed Natasha
  4530 | D:2      | Killed Natasha
  4620 | D:2      | Noticed Natasha
  4629 | D:2      | Killed Natasha
  4905 | D:2      | Noticed Natasha
  4912 | D:2      | Killed Natasha
  4984 | D:5      | Entered Level 5 of the Dungeon
  4984 | D:5      | Noticed Edmund
  5014 | D:5      | Killed Edmund
  5014 | D:5      | Reached skill level 6 in Maces & Flails
  5014 | D:5      | Reached XP level 7. HP: 70/74 MP: 7/7
  5263 | D:4      | Found a glowing golden altar of the Shining One.
  5297 | D:4      | Found a sacrificial altar of Ru.
  5335 | D:4      | Found a burning altar of Makhleb.
  5838 | D:5      | Found a staircase to the Ecumenical Temple.
  5860 | Temple   | Entered the Ecumenical Temple
  5907 | Temple   | Became a worshipper of Uskayaw the Reveler
  6074 | D:5      | Reached * piety under Uskayaw
  6227 | D:5      | Found a glowing silver altar of Zin.
  6342 | D:5      | Reached ** piety under Uskayaw
  6344 | D:5      | Reached skill level 1 in Invocations
  6378 | D:5      | Reached skill level 7 in Maces & Flails
  6843 | D:6      | Found a sparkling altar of Nemelex Xobeh.
  6900 | D:6      | Reached *** piety under Uskayaw
  6901 | D:6      | Reached XP level 8. HP: 65/84 MP: 9/9
  7119 | D:6      | Reached skill level 8 in Maces & Flails
  7277 | D:6      | Reached **** piety under Uskayaw
  7353 | D:6      | Found a shadowy altar of Dithmenos.
  7484 | D:6      | HP: 4/87 [gnoll/spear (6)]
  7485 | D:6      | Slain by a gnoll

Vault maps used:
D:1:      dpeg_arrival_rhombus, minmay_misc_feat_more_columns,
          kennysheep_doodads
D:2:      wad_lake_hut, kennysheep_slug_shrine, uniq_natasha
D:3:      gup_sewer_entry_glass
D:4:      nicolae_ru_sacrificial_ziggurat, marbit_many_paths,
          old_standard_altar, first_bread
D:5:      zin_academy, uniq_edmund
D:6:      kennysheep_mini_moat, nicolae_overflow_hidden_temple,
          nemelex_xobeh_ov_fountains_minmay
Temple:   nicolae_temple_hex_pool
Sewer:    sewer_frog_island_02

Skill      XL: |  1  2  3  4  5  6  7  8 |
---------------+-------------------------+-----
Fighting       | 3 4 5 6 7 |  7.3
Maces & Flails | 1 2 3 4 6 7 8 |  8.5
Throwing       | 5 |  5.6
Invocations    | 2 |  2.9
Dodging        | |  1.7
Stealth        | |  0.7

Action                   |  1- 3 |  4- 6 |  7- 9 || total
-------------------------+-------+-------+-------++-------
Melee: Short sword       |    47 |       |       ||    47
       Club              |    97 |       |       ||    97
       Whip              |    22 |   291 |       ||   313
       Flail             |       |    58 |    80 ||   138
Throw: Large rock        |     4 |    32 |     2 ||    38
       Throwing net      |       |     2 |       ||     2
       Tomahawk          |       |     9 |       ||     9
  Use: Scroll            |       |     5 |     3 ||     8
       Potion            |       |     1 |     1 ||     2
 Stab: Paralysed         |       |       |     3 ||     3
  Eat: Chunk             |     3 |     9 |     3 ||    15
       Pizza             |       |     1 |       ||     1
       Meat ration       |       |       |     1 ||     1
Armor: Robe              |   106 |   104 |     9 ||   219
Dodge: Dodged            |   121 |   207 |    39 ||   367
